 Dungeon Crawl Stone Soup version 0.31-a0-369-g8eba5f6939 (webtiles) character file.

Game seed: 3365496697691424755

7715 floatRand the Grappler (level 11, -7/77 HPs)
             Began as a Black Draconian Shapeshifter on July 28, 2023.
             Was a Priest of Ru.
             Mangled by a two-headed ogre
             ... wielding a +0 giant club
              (15 damage)
             ... on level 11 of the Dungeon.
             The game lasted 00:11:45 (8067 turns).

floatRand the Grappler (DrSh)                       Turns: 8067, Time: 00:11:45

Health: -7/77      AC: 11    Str: 19    XL:     11   Next: 0%
Magic:  11/11      EV: 12    Int:  9    God:    Ru [***...]
Gold:   397        SH:  0    Dex: 18    Spells: 4/10 levels left

rFire   . .          .
                       - Unarmed
rCold   . . .        n - orb {light}
rNeg    . . .        (body armour unavailable)
rPois   .            (helmet currently unavailable)
rElec   +            (cloak currently unavailable)
rCorr   .            (gloves currently unavailable)
SInv    .            (boots currently unavailable)
Will    .....        k - amulet of regeneration
Stlth   +            q - ring of flight
HPRegen 1.12/turn    h - ring of Greed {AC+4 Dex+4}
MPRegen 0.12/turn

%: inaccuracy (-5)
@: beast-form, flying, glowing
A: beast (slay +5), breathe lightning, AC +7, unfitting armour, electricity
resistance, cold-blooded, inability to use devices, missing an eye
a: Breathe Lightning, Begin Untransformation, Renounce Religion, Draw Out Power


You were on level 11 of the Dungeon.
You worshipped Ru.
Ru was most pleased with you.
You were a hulking beast.
You visited 2 branches of the dungeon, and saw 12 of its levels.

You collected 607 gold pieces.
You spent 210 gold pieces at shops.

Inventory:

Armour
 d - a +0 pair of gloves
 n - an orb of light (worn)
 r - a +0 cloak
Jewellery
 f - an amulet of faith
 h - the ring of Greed (right hand) {AC+4 Dex+4}
   (You acquired it on level 8 of the Dungeon)

   [ring of protection]

   AC:        It affects your AC (+4).
   Dex:       It affects your dexterity (+4).
 k - an amulet of regeneration (around neck)
 p - a ring of protection from fire
 q - a ring of flight (left hand)
Talismans
 b - a beast talisman
Scrolls
 e - 3 scrolls of teleportation
 g - 2 scrolls of brand weapon
 l - a scroll of revelation
 o - 3 scrolls of vulnerability
 s - 3 scrolls of amnesia {unknown}
 t - a scroll of silence {unknown}
 v - 2 scrolls of enchant armour {unknown}
 x - 2 scrolls of immolation {unknown}
 y - a scroll of fear {unknown}
 B - a scroll of fog {unknown}
Potions
 a - a potion of lignification
 c - a potion of cancellation
 i - a potion of might {unknown}
 j - 4 potions of heal wounds
 m - 3 potions of brilliance
 u - a potion of berserk rage
 w - a potion of invisibility
 z - a potion of curing
 A - a potion of enlightenment


   Skills:
 - Level 1.1 Fighting
 - Level 1.7 Dodging
 * Level 12.6 Unarmed Combat
 + Level 7.8 Translocations
 + Level 8.0 Shapeshifting


You had 4 spell levels left.
You knew the following spells:

 Your Spells              Type           Power      Damage    Failure   Level
a - Blink                 Tloc           28%        N/A       2%          2
b - Manifold Assault      Tloc           14%        N/A       16%         4

Your spell library contained the following spells:

 Spells                   Type           Power      Damage    Failure   Level
 Portal Projectile        Hex/Tloc       14%        N/A       24%         3
 Volatile Blastmotes      Fire/Tloc      14%        2d11      24%         3
 Shock                    Conj/Air       0%         1d3       38%         1
 Cigotuvi's Dreadful Rot  Necr/Pois/Air  0%         N/A       52%         2
 Poisonous Vapours        Pois/Air       0%         N/A       52%         2
 Iskenderun's Mystic Bla  Conj/Tloc      7%         2d4       63%         4
 Dazzling Flash           Conj/Hex       0%         N/A       77%         3
 Ignite Poison            Fire/Tmut/Pois 0%         N/A       77%         3
 Inner Flame              Hex/Fire       0%         N/A       77%         3
 Mephitic Cloud           Conj/Pois/Air  0%         N/A       77%         3
 Swiftness                Air            0%         N/A       77%         3
 Tukima's Dance           Hex            0%         N/A       77%         3
 Airstrike                Air            0%         2d(0-16)  99%         4
 Dispel Undead            Necr           0%         3d6       99%         4
 Freezing Cloud           Conj/Ice/Air   0%         6-21      100%        5
 Yara's Violent Unravell  Hex/Tmut       0%         3d3       100%        5
 Death Channel            Necr           0%         N/A       100%        6
 Starburst                Conj/Fire      0%         6d3       100%        6
 Enfeeble                 Hex            0%         N/A       100%        7
 Maxwell's Capacitive Co  Air            0%         ∞         100%        8


Dungeon Overview and Level Annotations

Branches:
Dungeon (11/15)            Temple (1/1) D:4            Lair (0/5) D:10
    Orc: D:9-12

Altars:
Ashenzari
Cheibriados
Dithmenos
Elyvilon
Fedhas
Gozag
Hepliaklqana
Kikubaaqudgha
Makhleb
Nemelex Xobeh
Okawaru
Qazlal
Ru
Sif Muna
Trog
Uskayaw
Vehumet
Wu Jian
Xom
Yredelemnul
Zin
The Shining One

Shops:
D:1 :   D:2 :   D:3 :   D:4 :   D:5 *

Annotations:
D:8 6 transporters
D:10 exclusion: obsidian statue


Innate Abilities, Weirdness & Mutations

You are a hulking beast.
Your limbs bulge with bestial killing power. (Slay +5)
You can breathe wild blasts of lightning.
Your glossy black scales are hard. (AC +7)
You cannot fit into any form of body armour.
You are resistant to electric shocks. (rElec)
You are cold-blooded and may be slowed by cold attacks.
You cannot study or use magical devices.
You are missing an eye, making it more difficult to aim.


Message History

A two-headed ogre is nearby!
A two-headed ogre is nearby!
A two-headed ogre is nearby!
There is an open door here.
You completely miss the two-headed ogre.
You hit the two-headed ogre.
The two-headed ogre is lightly wounded.
The two-headed ogre barely misses you.
The two-headed ogre hits you with a +0 giant club!!
You hit the two-headed ogre. You tail-slap the two-headed ogre.
The two-headed ogre is lightly wounded.
You hit the two-headed ogre.
The two-headed ogre is moderately wounded.
The two-headed ogre hits you with a +0 giant club!
You focus your inner power and illuminate the two-headed ogre in retribution!
The two-headed ogre hits you with a +0 giant club!
Unknown command.
You are too injured to fight recklessly!
You closely miss the two-headed ogre.
The two-headed ogre is moderately wounded.
Unknown command.
You barely miss the two-headed ogre.
Your tail-slap misses the two-headed ogre.
The two-headed ogre is moderately wounded.
The two-headed ogre is stunned by your conviction and fails to attack.
Unknown command.
You completely miss the two-headed ogre.
You tail-slap the two-headed ogre.
The two-headed ogre is moderately wounded.
The two-headed ogre barely misses you.
The two-headed ogre hits you with a +0 giant club!
* * * LOW HITPOINT WARNING * * *
You punch the two-headed ogre!
The two-headed ogre is heavily wounded.
You hit the two-headed ogre.
The two-headed ogre is severely wounded.
The two-headed ogre hits you with a +0 giant club!
* * * LOW HITPOINT WARNING * * *
The two-headed ogre hits you with a +0 giant club!
You die...

#.#......
##.#.....
..#....#
..#....###
#.#......#
#.#......#
#.#......# #.
#.'hO....# #.
#.#......#
#.#####.#......#
#.......########
#..............
#..............
#........###...
#.##.....# ..
#........##


You could see a two-headed ogre (corona).

Vanquished Creatures
  A two-headed ogre (D:9)
  A hornet (D:8)
  3 wraiths
  3 shadows
  A wyvern (D:6)
  A vampire (D:10)
  Eustachio (D:4)
  19 yaks
  A steam dragon (D:10)
  2 water moccasins (D:8)
  2 black bears
  3 orc warriors
  2 sky beasts (D:8)
  An ogre (D:3)
  2 centaurs
  A kobold brigand (D:6)
  5 bullfrogs
  2 scorpions (D:5)
  6 killer bees
  3 howler monkeys
  A crimson imp (D:10)
  2 orc priests
  A hound (D:6)
  4 jellies
  5 orc wizards
  4 sleepcaps
  A mummy (D:5)
  8 adders
  3 white imps
  2 ufetubi
  2 worms
  5 dart slugs
  25 orcs
  7 ball pythons
  12 endoplasms
  2 giant cockroaches
  9 goblins
  9 hobgoblins
  3 jackals (D:4)
  A quokka (D:1)
  5 bats
  4 frilled lizards
  5 kobolds
  3 rats (D:1)
183 creatures vanquished.

Vanquished Creatures (others)
  A yak (D:10)
1 creature vanquished.

Grand Total: 184 creatures vanquished

Notes
Turn   | Place    | Note
-------+----------+-------------------------------------------
     0 | D:1      | floatRand the Draconian Shapeshifter began the quest for
                  | the Orb.
     0 | D:1      | Reached XP level 1. HP: 16/16 MP: 1/1
    83 | D:1      | Reached XP level 2. HP: 23/23 MP: 2/2
   401 | D:1      | Found Xoat's Book Emporium.
   456 | D:1      | Reached XP level 3. HP: 28/28 MP: 3/3
   695 | D:1      | Reached skill level 4 in Unarmed Combat
  1114 | D:2      | Found Xanwe's Book Shop.
  1209 | D:2      | Reached XP level 4. HP: 35/35 MP: 4/4
  1671 | D:3      | Noticed an ice beast
  1850 | D:3      | Found Seamnis's Book Emporium.
  1922 | D:3      | You fall into a shaft and drop 2 floors!
  1922 | D:5      | Entered Level 5 of the Dungeon
  1922 | D:5      | Found Monuckarr's CLEARANCE SALE!.
  1928 | D:5      | Bought a potion of haste for 50 gold pieces
  1955 | D:5      | Noticed a scorpion
  2226 | D:3      | Noticed an ogre
  2244 | D:3      | Killed an ogre
  2245 | D:3      | Reached skill level 5 in Unarmed Combat
  2245 | D:3      | Reached XP level 5. HP: 40/40 MP: 5/5
  2388 | D:4      | Reached XP level 6. HP: 25/47 MP: 6/6
  2398 | D:4      | Reached skill level 6 in Unarmed Combat
  2641 | D:1      | Bought an Inescapable Atlas for 160 gold pieces
  2644 | D:1      | Learned a level 2 spell: Blink
  2907 | D:4      | Noticed Eustachio
  2943 | D:4      | Killed Eustachio
  2944 | D:4      | Reached skill level 1 in Translocations
  2960 | D:4      | Found a staircase to the Ecumenical Temple.
  2996 | Temple   | Entered the Ecumenical Temple
  3016 | D:4      | Found Caxof's Tiny Tomes.
  3521 | D:5      | Your scales start taking on a glossy black colour.
  3521 | D:5      | Reached XP level 7. HP: 20/52 MP: 7/7
  3521 | D:5      | Gained mutation: You are resistant to electric shocks.
                  | (rElec) [Black Draconian growth]
  3722 | D:5      | Found a glowing silver altar of Zin.
  3723 | D:5      | Found a white marble altar of Elyvilon.
  3754 | D:5      | Reached skill level 7 in Unarmed Combat
  3777 | D:5      | Found a sacrificial altar of Ru.
  3780 | D:5      | Found a bloodstained altar of Trog.
  3781 | D:5      | Found a blossoming altar of Fedhas.
  3781 | D:5      | Found an ancient bone altar of Kikubaaqudgha.
  3782 | D:5      | Found an ornate altar of the Wu Jian Council.
  3785 | D:5      | Found a glowing golden altar of the Shining One.
  3798 | D:5      | Became a worshipper of Ru the Awakened
  3942 | D:5      | Found a snail-covered altar of Cheibriados.
  4012 | D:6      | Noticed a wraith
  4012 | D:6      | Noticed a wraith
  4025 | D:6      | Killed a wraith
  4026 | D:6      | Reached skill level 5 in Shapeshifting
  4033 | D:6      | Noticed a yak
  4056 | D:6      | Killed a wraith
  4057 | D:6      | Reached XP level 8. HP: 49/59 MP: 8/8
  4123 | D:6      | Reached skill level 8 in Unarmed Combat
  4167 | D:6      | Identified the +0 pair of gloves of Coskukke {Harm rN+
                  | Str-5 Slay+2}
  4579 | D:6      | Reached skill level 9 in Unarmed Combat
  4931 | D:7      | Found an iron altar of Okawaru.
  5115 | D:7      | Reached XP level 9. HP: 16/64 MP: 9/9
  5322 | D:7      | Gained mutation: You cannot study or use magical devices.
                  | [Ru sacrifice]
  5322 | D:7      | Reached * piety under Ru
  5322 | D:7      | Reached ** piety under Ru
  5467 | D:7      | Reached skill level 5 in Translocations
  5731 | D:8      | Found a transporter.
  5736 | D:8      | Found a transporter.
  5788 | D:8      | Found a transporter.
  5794 | D:8      | Found a transporter.
  5808 | D:8      | Found a transporter.
  5819 | D:8      | Reached skill level 10 in Unarmed Combat
  5864 | D:8      | Found a transporter.
  5914 | D:8      | Reached skill level 11 in Unarmed Combat
  5914 | D:8      | Reached XP level 10. HP: 43/71 MP: 10/10
  6290 | D:8      | Found a stormy altar of Qazlal.
  6556 | D:8      | Identified a scroll of acquirement
  6556 | D:8      | Acquired the ring of Greed {AC+4 Dex+4}
  6876 | D:9      | Noticed a two-headed ogre
  6886 | D:9      | Killed a two-headed ogre
  6956 | D:9      | Learned a level 4 spell: Manifold Assault
  7176 | D:9      | Found a broken altar of Ashenzari.
  7374 | D:10     | Entered Level 10 of the Dungeon
  7403 | D:10     | Reached skill level 12 in Unarmed Combat
  7545 | D:10     | Gained mutation: You are missing an eye, making it more
                  | difficult to aim. [Ru sacrifice]
  7545 | D:10     | Reached *** piety under Ru
  7704 | D:10     | Noticed an obsidian statue
  7868 | D:10     | Found a radiant altar of Vehumet.
  7868 | D:10     | Found a burning altar of Makhleb.
  7884 | D:10     | Found a staircase to the Lair.
  8038 | D:11     | Reached XP level 11. HP: 74/77 MP: 11/11
  8056 | D:11     | Noticed a two-headed ogre
  8067 | D:11     | Mangled by a two-headed ogre

Illustrated notes

Levels and vault maps discovered:
D:1:      dpeg_arrival_erosion, layout_basic, serial_shops, shop_fountains,
          minmay_fountain_box, minivault_5,
          nicolae_concentric_dashed_squares_mild
D:2:      layout_loops_ring, serial_shops, shop, minmay_misc_feat_tiny,
          minmay_liquid_box
D:3:      layout_rooms, serial_shops, shop_fountains
D:4:      layout_cave_pods, temple_doors_ab,
          nicolae_shop_i_like_small_books_too, minmay_goblin_kobold_house,
          uniq_eustachio
D:5:      layout_rooms, minitemple, slow_altar_2, nicolae_shop_clearance
D:6:      layout_basic, kb_rosetta
D:7:      layout_basic, lemuel_round_altar
D:8:      layout_loops_ring, marbit_many_paths, serial_nicolae_subway,
          nicolae_sub_station_stone, nicolae_sub_station_metal,
          nicolae_sub_station_crystal
D:9:      layout_irregular_city, cheibrodos_ashenzari_chains
D:10:     layout_cave_pools, grunt_temple_overflow_lords_of_destruction,
          lair_entry_dummy, minivault_15
D:11:     layout_stronghold, xom_confusion_cloud
Temple:   hellmonk_temple_of_storms

Skill      XL: |  1  2  3  4  5  6  7  8  9 10 |
---------------+-------------------------------+-----
Unarmed Combat | 4 5 6 7 9 11 12 | 12.6
Shapeshifting  | 4 5 6 8 |  8.0
Translocations | 1 3 4 6 7 |  7.8
Fighting       | |  1.1
Dodging        | |  1.7

Action                     |  1- 3 |  4- 6 |  7- 9 | 10-12 || total
---------------------------+-------+-------+-------+-------++-------
  Melee: Unarmed           |    92 |   162 |   206 |   166 ||   626
         Punch             |     1 |     5 |    11 |     7 ||    24
         Tailslap          |     4 |    23 |    39 |    29 ||    95
 Invoke: Sacrifice Artific |       |       |     1 |       ||     1
         Sacrifice an Eye  |       |       |       |     1 ||     1
Ability: Breathe Lightning |       |       |     1 |     1 ||     2
  Evoke: Wand              |       |     2 |       |       ||     2
    Use: Scroll            |       |     6 |     1 |     8 ||    15
         Potion            |       |       |     1 |       ||     1
   Stab: Sleeping          |     3 |       |       |     1 ||     4
         Invisible         |       |       |       |     1 ||     1
 Armour: Skin              |    19 |    68 |    46 |    40 ||   173
  Dodge: Dodged            |    54 |   130 |   111 |    76 ||   371

Table legend: (Time is in decaauts)
 A = Elapsed time spent in this place.
 B = Non-inter-level travel time spent in this place.
 C = Inter-level travel time spent in this place.
 D = Time resting spent in this place.
 E = Time spent auto-exploring this place.
 F = Levels seen in this place.
 G = Mean time per level.
                   A        B        C        D        E       F      G
               +--------+--------+--------+--------+--------+-----+--------+
         Total |   7960 |   7631 |    329 |    551 |   4969 |  12 |  663.3 |
       Dungeon |   7958 |   7629 |    329 |    551 |   4969 |  11 |  723.5 |
        Temple |      1 |      1 |      0 |      0 |      0 |   1 |    1.0 |
               +--------+--------+--------+--------+--------+-----+--------+

Top non-repeatable levels by time:
     D:4: 996 daAuts
     D:8: 957 daAuts
     D:1: 922 daAuts
     D:2: 879 daAuts
     D:7: 834 daAuts
     D:6: 831 daAuts
     D:9: 692 daAuts
    D:10: 639 daAuts
     D:3: 585 daAuts
     D:5: 584 daAuts
    D:11: 35 daAuts
  Temple: 1 daAuts
